woodfighter, neutral female human Healer ------- |.....| --------.....| #.............| #|............| #|.............##f@Z #---+---------- ### # # # # ########### # ------# +### |.....# ` # |....|# # ##...<(| # ------ # woodfighter the Empiric Experience level: 4 Strength: 10 Dexterity: 10 Constitution: 15 Intelligence: 10 Wisdom: 17 Charisma: 18 Health: 0(35) Energy: 29(29) Def: 3 Gold: 1828 Moves: 2070 Dungeon seed: OEQSHS9kpWpyOjR3 Game ID: woodfighter_1503937491 Your Inventory: Coins $ - 1828 gold pieces Weapons a - a +0 scalpel (weapon in hand) u - 16 +0 darts Armor e - an uncursed +1 pair of leather gloves (being worn) n - an uncursed +0 helm of telepathy (being worn) Comestibles l - 3 blessed eucalyptus leaves m - 3 blessed sprigs of wolfsbane P - an uncursed sprig of wolfsbane Scrolls q - an uncursed scroll of remove curse t - an uncursed scroll of genocide Spellbooks i - a blessed spellbook of healing j - a blessed spellbook of extra healing k - a blessed spellbook of stone to flesh w - an uncursed spellbook of jumping Potions c - a blessed potion of healing d - 3 uncursed potions of healing f - a blessed potion of extra healing g - 3 uncursed potions of extra healing z - an uncursed potion of polymorph A - a blessed potion of confusion Wands h - a wand of sleep (0:8) Tools b - an uncursed stethoscope Spells and supernatural/magical abilities: Name Level Category Fail Memory h - healing 1 healing 24% 90% x - extra healing 3 healing 46% 90% S - stone to flesh 3 healing 60% 90% W - pray for help -- divine ? -- Your skills at the end: Miscellaneous Skills wands [Basic] Weapon Skills knife [Basic] Spellcasting Skills healing spells [Basic] Final Attributes: You were devoutly aligned. You were poison resistant. You were telepathic. You were stealthy. You are dead. Vanquished creatures: a rock piercer a straw golem 3 jitterbugs a large kobold a gecko a hobgoblin 3 giant rats a yellow mold 4 jackals a kobold 5 newts 3 grid bugs 3 lichens a kobold zombie 29 creatures vanquished. Voluntary challenges: You did not adorn yourself with jewelry or accessories. You did not cause conflict. You were not invisible. You did not have reflection. You were not displaced. You used a wielded weapon 73 times, starting on turn 57. You did not use containers. You did not apply a unicorn horn. You did not use plumbed fixtures. You did not drink any magical draughts. You were illiterate. You never genocided any monsters. You never polymorphed an object. You never changed form. You used no wishes. You never split a pudding. You never wrote Elbereth's name. You never violated your personal moral code. Dungeon overview: The Dungeons of Doom: levels 1 to 6 Level 1 a fountain a long staircase Level 2 an altar to Hermes Level 3 a general store stairs to The Gnomish Mines Level 4 an altar to Athena Level 5 Level 6 <- You were here The Gnomish Mines: Level 4 stairs to The Dungeons of Doom History has recorded: On T:1 you entered the Dungeons of Doom to retrieve the Amulet of Yendor! On T:94 you reached level 2 of The Dungeons of Doom. On T:340 you reached level 3 of The Dungeons of Doom. On T:638 you reached level 1 of The Gnomish Mines. On T:776 you reached level 4 of The Dungeons of Doom. On T:787 you advanced to experience level 2. On T:1299 you advanced to experience level 3. On T:1357 you reached level 5 of The Dungeons of Doom. On T:1709 you advanced to experience level 4. On T:1929 you reached level 6 of The Dungeons of Doom. On T:2047 you prayed to Hermes. Score breakdown: Gold: 285 ( 28 points) Experience: 4 levels ( 300 points) Exploration: 6 levels ( 150 points) Discoveries: 7 items ( 350 points) Variety of kills: 14 monsters ( 700 points) Major goal: (nothing yet) ( 0 points) Survival: died (score multiplied by 3) Total score: 4584 Latest messages: You can move again. You stop exploring. The ghoul scratches you! You are frozen by the ghoul! The ghoul scratches you! (11x) You can move again. You begin praying to Hermes. You are surrounded by a shimmering light. The ghoul starts to attack you, but pulls back. You feel that Hermes is well-pleased. You feel much better. You hack the ghoul. The ghoul is moderately wounded. The ghoul scratches you! You are frozen by the ghoul! The ghoul scratches you! (11x) You can move again. You hack the ghoul. The ghoul is moderately wounded. You slash the ghoul. The ghoul is almost destroyed. The ghoul scratches you! You are frozen by the ghoul! The ghoul scratches you! (8x) You die... Your body rises from the dead as a ghoul... Final status: Goodbye woodfighter the Healer, killed by a ghoul, while paralyzed by a monster's touch... You died in The Dungeons of Doom on dungeon level 6 with 4584 points, and 1828 pieces of gold, after 2070 moves. You were level 4 with a maximum of 35 hit points when you died.